 Dungeon Crawl Stone Soup version 0.29.1-15-g9cfb28693d (webtiles) character file.

Game seed: 1732573911738517638

188 Sanktem7 the Trooper (level 5, 0/48 HPs)
             Began as a Minotaur Fighter on Mar 2, 2023.
             Was an Initiate of Okawaru.
             Frozen to death by an endoplasm (2 damage)
             ... on level 4 of the Dungeon.
             The game lasted 00:04:33 (2763 turns).

Sanktem7 the Trooper (Minotaur Fighter)             Turns: 2763, Time: 00:04:34

Health: 0/48       AC:  9    Str: 23    XL:     5   Next: 39%
Magic:  4/4        EV:  6    Int:  5    God:    Okawaru [......]
Gold:   141        SH:  4    Dex:  9    Spells: 4/4 levels left

rFire   . . .      SeeInvis .   t - +3 mace (protect) {mace}
rCold   . . .      Faith    .   c - +0 buckler
rNeg    . . .      Spirit   .   k - +0 plate armour
rPois   .          Reflect  .   (helmet restricted)
rElec   .          Harm     .   b - +0 cloak
rCorr   .          Rampage  .   o - +0 pair of gloves
Will    .....                   (no boots)
Stlth   ..........              (no amulet)
HPRegen 0.16/turn               (no ring)
MPRegen 0.09/turn               (no ring)

@: corroded, under a protective aura
A: horns 2, retaliatory headbutt
a: Renounce Religion


You were on level 4 of the Dungeon.
You worshipped Okawaru.
Okawaru was noncommittal.
You visited 2 branches of the dungeon, and saw 5 of its levels.

You collected 141 gold pieces.


Innate Abilities, Weirdness & Mutations

You have a pair of horns on your head.
You reflexively headbutt those who attack you in melee.


   Skills:
 * Level 5.4 Fighting
 - Level 2.9(3.7) Axes
 * Level 3.4(4.0) Maces & Flails
 + Level 4.6 Armour
 - Level 3.6 Shields


You had 4 spell levels left.
You didn't know any spells.
Your spell library contained the following spells:

 Spells                   Type           Power      Damage    Failure   Level
 Ozocubu's Armour         Ice            0%         N/A       100%        3
 Ozocubu's Refrigeration  Ice            0%         4d7       100%        7

Inventory:

Hand Weapons
 t - a +3 mace of protection (weapon) {mace}
   (You took it off an orc on level 3 of the Dungeon)
Missiles
 f - 32 stones {throwing}
 x - 4 poisoned darts (quivered) {throwing}
Armour
 b - a +0 cloak (worn)
   (You found it on level 3 of the Dungeon)
 c - a +0 buckler (worn)
 k - a +0 plate armour (worn)
   (You found it on level 1 of the Dungeon)
 o - a +0 pair of gloves (worn)
   (You found it on level 2 of the Dungeon)
Jewellery
 y - a ring of poison resistance
   (You found it on level 4 of the Dungeon)
Scrolls
 a - a scroll of amnesia {unknown}
 e - 4 scrolls of identify {unknown}
 g - 4 scrolls of teleportation {unknown}
 i - 2 scrolls of enchant armour {unknown}
 j - a scroll of noise {unknown}
 q - a scroll of immolation {unknown}
 r - a scroll of fear {unknown}
 u - a scroll of vulnerability {unknown}
 v - a scroll of brand weapon {unknown}
Potions
 d - a potion of might
 h - 2 potions of ambrosia {unknown}
 l - 2 potions of berserk rage {unknown}
 m - a potion of magic {unknown}
 n - a potion of heal wounds {unknown}
 p - 2 potions of cancellation {unknown}
 s - a potion of curing {unknown}
 w - a potion of degeneration {unknown}

Dungeon Overview and Level Annotations

Branches:
Dungeon (4/15) Zot: 21369  Temple (1/1) D:4 Zot: 5824

Altars:
Ashenzari
Dithmenos
Kikubaaqudgha
Okawaru
Qazlal
Sif Muna
Vehumet
Wu Jian
Yredelemnul
Zin

Shops:
D:2

[
.##.#..................##
###
....#.........##########
.........###..#.......##
...<....###...#.P._.P.##
#......###....#.P...P.##
###...........#.PPPPP.##
..............#.......##
#...†...##....###J..####
##..†..##.......@J..#
#...##...........####
##.####.........## ###
....#...### #..##...#
#...#...# .. ..#### .#


You could see a jelly and an endoplasm.


Message History

The adder bites the bush but does no damage.
The endoplasm hits the bush but does no damage.
The adder bites the bush but does no damage.
The endoplasm hits the bush.
The endoplasm completely misses the bush.
The adder bites the bush but does no damage.
The jelly hits the bush but does no damage.
The adder completely misses you.
You hit the adder.
Your weapon exudes an aura of protection.
Your headbutt misses the adder. The adder bites you but does no damage.
The endoplasm hits the bush but does no damage.
The adder bites you but does no damage.
You closely miss the adder. Your headbutt misses the adder.
The endoplasm hits the bush but does no damage.
The adder bites you but does no damage.
The endoplasm hits the bush but does no damage.
You miss the adder. You block the adder's attack.
The adder bites you but does no damage.
You miss the adder.
The adder bites you but does no damage. x2
You thump the adder!
Your weapon exudes an aura of protection.
You kill the adder!
Okawaru accepts your kill. The jelly hits you but does no damage.
The endoplasm freezes you.
You are frozen.
The jelly hits you but does no damage. 😕 HP[-5]
You take 5 damage, and now have 43/48 hp.
You hit the jelly.
Your hands burn!
The jelly hits you but does no damage.
You block the endoplasm's attack. 😕 HP[-2]
You take 2 damage, and now have 41/48 hp.
You hit the jelly. The acid corrodes you!
Your hands burn!
The jelly barely misses you.
The endoplasm hits you but does no damage. 😕 HP[-1]
You take 1 damage, and now have 40/48 hp.
You hit the jelly but do no damage.
Your hands burn!
You headbutt the jelly, but do no damage.
You block the jelly's attack.
The endoplasm barely misses you. 😕 HP[-2]
You take 2 damage, and now have 38/48 hp.
You sock the jelly!
Your hands burn!
You headbutt the jelly. The jelly barely misses you.
The endoplasm hits you but does no damage.
The endoplasm freezes you.
You are frozen.
The jelly hits you but does no damage. 😮 HP[-9]
You take 9 damage, and now have 29/48 hp.
You are too injured to fight recklessly!
You are too injured to fight recklessly!
You are too injured to fight recklessly!
You are too injured to fight recklessly!
You are too injured to fight recklessly!
You are too injured to fight recklessly!
You are too injured to fight recklessly!
You are too injured to fight recklessly!
You are too injured to fight recklessly!
You are too injured to fight recklessly!
You are too injured to fight recklessly!
You are too injured to fight recklessly!
You are too injured to fight recklessly!
You are too injured to fight recklessly!
You are too injured to fight recklessly!
Unknown command.
You hit the jelly. The acid corrodes you!
Your hands burn!
The jelly barely misses you. You furiously retaliate!
You headbutt the jelly!
The endoplasm closely misses you. 😮 HP[-4]
You take 4 damage, and now have 25/48 hp.
You hit the jelly but do no damage.
Your hands burn!
* * * LOW HITPOINT WARNING * * *
The jelly hits you but does no damage. The endoplasm freezes you.
You are frozen.
* * * LOW HITPOINT WARNING * * *
😨 HP[-7]
You take 7 damage, and now have 18/48 hp.
You hit the jelly.
Your hands burn!
* * * LOW HITPOINT WARNING * * *
You headbutt the jelly. The jelly hits you.
* * * LOW HITPOINT WARNING * * *
You are splashed with acid!
* * * LOW HITPOINT WARNING * * *
The endoplasm freezes you.
You are frozen.
* * * LOW HITPOINT WARNING * * *
😱 HP[-14]
You take 14 damage, and now have 4/48 hp.
MASSIVE DAMAGE!! (PAUSE)
You completely miss the jelly. The jelly hits you but does no damage.
The endoplasm closely misses you.
You hit the jelly but do no damage. The acid corrodes you!
Your hands burn!
* * * LOW HITPOINT WARNING * * *
You headbutt the jelly, but do no damage.
The jelly hits you but does no damage. The endoplasm freezes you.
You are frozen.
You die...

Skill      XL: |  1  2  3  4 |
---------------+-------------+-----
Fighting       | 4 5 |  5.4
Maces & Flails | 1 2 3 |  3.4
Armour         | 4 |  4.6
Axes           | |  2.9
Shields        | |  3.6

Action                   |  1- 3 |  4- 6 || total
-------------------------+-------+-------++-------
Melee: War axe           |    16 |       ||    16
       Headbutt          |    15 |     6 ||    21
       Mace              |    74 |    48 ||   122
Armor: Scale mail        |    10 |       ||    10
       Plate armour      |    52 |    42 ||    94
Dodge: Dodged            |    33 |    19 ||    52
Block: Buckler           |    13 |    10 ||    23

Levels and vault maps discovered:
D:1:      eino_arrival_water_star, layout_basic
D:2:      layout_basic, serial_shops, shop_fountains, corexii_leaking_fountain
D:3:      layout_basic, lemuel_coloured_pillars_altar,
          nicolae_ecumenical_snake_handling
D:4:      layout_cave_pools, mainiacjoe_overflow_alcove_4,
          minmay_temple_entry_offerings, kennysheep_orc_chapel
Temple:   minmay_temple_curvy_loop

Notes
Turn   | Place    | Note
-------+----------+-------------------------------------------
     0 | D:1      | Sanktem7 the Minotaur Fighter began the quest for the Orb.
     0 | D:1      | Reached XP level 1. HP: 19/19 MP: 0/0
     0 | D:1      | magus.rc [v1.9.6]
   154 | D:1      | Reached XP level 2. HP: 27/27 MP: 1/1
   184 | D:1      | Reached skill level 4 in Fighting
   636 | D:2      | Reached skill level 1 in Maces & Flails
   675 | D:2      | Found Zyrof's Armour Shop.
   684 | D:2      | Reached XP level 3. HP: 33/33 MP: 2/2
   764 | D:2      | Reached skill level 4 in Armour
  1498 | D:3      | Found an ancient bone altar of Kikubaaqudgha.
  1671 | D:3      | Reached skill level 2 in Maces & Flails
  1831 | D:3      | Reached XP level 4. HP: 40/41 MP: 3/3
  1877 | D:3      | Found a faded altar of an unknown god.
  2079 | D:4      | Noticed a scorpion
  2086 | D:4      | Killed a scorpion
  2087 | D:4      | Reached skill level 5 in Fighting
  2087 | D:4      | Reached skill level 3 in Maces & Flails
  2087 | D:4      | Reached XP level 5. HP: 31/48 MP: 4/4
  2356 | D:4      | Found a staircase to the Ecumenical Temple.
  2382 | Temple   | Entered the Ecumenical Temple
  2489 | Temple   | Became a worshipper of Warmaster Okawaru
  2560 | D:4      | You add the spells Ozocubu's Armour and Ozocubu's
                  | Refrigeration to your library.
  2716 | D:4      | Found an ornate altar of the Wu Jian Council.
  2761 | D:4      | HP: 6/48 [acid (9)]
  2763 | D:4      | HP: 2/48 [acid (2)]
  2763 | D:4      | Frozen to death by an endoplasm

Vanquished Creatures
  A scorpion (D:4)
  An iguana (D:4)
  4 adders
  A white imp (D:4)
  2 worms (D:3)
  A dart slug (D:4)
  4 orcs
  8 ball pythons
  6 endoplasms
  4 giant cockroaches
  5 goblins
  4 hobgoblins
  2 kobolds
  2 quokkas (D:2)
  3 bats (D:1)
  2 frilled lizards
  2 rats (D:2)
52 creatures vanquished.

Table legend:
 A = Non-vault XP
 B = Vault XP
 C = Vault XP percentage of total XP
 D = Non-vault monster count
 E = Vault monster count
 F = Vault count percentage of total count
                 A         B        C        D         E       F
            +---------+---------+-------+---------+---------+-------
      Total |     267 |       2 |   0.7 |      50 |       2 |   3.8
            +---------+---------+-------+---------+---------+-------
        D:1 |      20 |       0 |   0.0 |      12 |       0 |   0.0
        D:2 |      41 |       0 |   0.0 |      16 |       0 |   0.0
        D:3 |      56 |       2 |   3.4 |      14 |       2 |  12.5
        D:4 |     150 |       0 |   0.0 |       8 |       0 |   0.0
            +---------+---------+-------+---------+---------+-------

Illustrated notes

Table legend:
 A = Kills in this place as a percentage of kills in entire the game.
 B = Kills by you in this place as a percentage of kills by you in the entire game.
 C = Kills by friends in this place as a percentage of kills by friends in the entire game.
 D = Other kills in this place as a percentage of other kills in the entire game.
 E = Experience gained in this place as a percentage of experience gained in the entire game.
 F = Experience gained in this place divided by the number of levels of this place that you have seen.
                   A       B       C       D       E      F
               +-------+-------+-------+-------+-------+----------------------
         Total | 100.0 | 100.0 |   N/A |   N/A | 100.0 |  53.8
       Dungeon | 100.0 | 100.0 |   N/A |   N/A | 100.0 |  67.2
               +-------+-------+-------+-------+-------+----------------------

Table legend: (Time is in decaauts)
 A = Elapsed time spent in this place.
 B = Non-inter-level travel time spent in this place.
 C = Inter-level travel time spent in this place.
 D = Time resting spent in this place.
 E = Time spent auto-exploring this place.
 F = Levels seen in this place.
 G = Mean time per level.
                   A        B        C        D        E       F      G
               +--------+--------+--------+--------+--------+-----+--------+
         Total |   2805 |   2680 |    125 |      0 |   2274 |   5 |  561.0 |
       Dungeon |   2629 |   2571 |     58 |      0 |   2176 |   4 |  657.2 |
        Temple |    175 |    108 |     67 |      0 |     98 |   1 |  175.0 |
               +--------+--------+--------+--------+--------+-----+--------+

Top non-repeatable levels by time:
     D:3: 790 daAuts
     D:2: 718 daAuts
     D:1: 563 daAuts
     D:4: 557 daAuts
  Temple: 175 daAuts
